AoeStats
← bekatohe

Pilgrims

509957793Analyzed
4v4 RM · 5d ago on Sep 28, 2026· 51m 30s· 8 players
Game mode
Random Map
Map size
Large (8 player)
Population
200
Speed
Normal
Resources
Standard
Victory
Conquest
Starting age
Dark Age
Ending age
Imperial Age
RankedLock teamsTeams togetherTeam positionsShared explorationLock speedFull tech treeHidden civsTurbo modeCheats
Victory
Defeat
🇭🇺 Mongols · Hungary
903
+12
🇩🇪 Varangians · Germany
865
+13
🇨🇭 Celts · Switzerland
852
+14
🇧🇷 Bohemians · Brazil
818
+15
🇬🇧 Danes · United Kingdom
1078
-23
🇬🇧 Vikings · United Kingdom
729
-11
🇬🇧 Huns · United Kingdom
713
-10
🇬🇧 Spanish · United Kingdom
712
-10
Internet User
14:59 Feudal Age
15:33 Man-at-Arms
29:50 Fishing Lines
32:40 Castle Age
30:57 Forging
30:47 Scale Mail Armor
32:38 Scale Mail Armor
32:56 Long Swordsman
40:27 Chain Mail Armor
TrueCrime
3:40 Loom
13:47 Feudal Age
20:56 Castle Age
18:41 Fishing Lines
18:57 Double-Bit Axe
20:07 Gold Mining
22:44 Wheelbarrow
29:02 Fletching
29:13 Padded Archer Armor
36:33 Imperial Age
40:21 Hand Cart
40:27 Bow Saw
42:39 Horse Collar
43:53 Heavy Plow
44:56 Two-Man Saw
45:03 Fervor
46:45 Forging
46:36 Scale Mail Armor
46:51 Leather Archer Armor
46:32 Bodkin Arrow
47:39 Pikeman
48:20 Squires
48:05 Gambesons
48:06 Arson
47:41 Elite Varangian Guard
49:26 Iron Casting
52:19 Blast Furnace
51:34 Chain Mail Armor
53:05 Chemistry
carlosauberto
3:58 Loom
13:49 Feudal Age
15:01 Man-at-Arms
15:33 Arson
16:40 Fishing Lines
17:40 Double-Bit Axe
20:13 Fletching
20:23 Padded Archer Armor
20:33 Forging
20:23 Scale Mail Armor
20:29 Scale Barding Armor
21:51 Wheelbarrow
24:39 Castle Age
25:48 Wheelbarrow
24:48 Elite Skirmisher
25:02 Long Swordsman
25:03 Pikeman
25:43 Squires
27:32 Hand Cart
27:11 Gillnets
28:19 Ballistics
28:14 Fervor
29:46 Fortified Wall
30:35 Bow Saw
31:48 Squires
36:48 Medium Warships
36:47 Bodkin Arrow
37:07 Leather Archer Armor
39:14 Leather Archer Armor
39:15 Chain Mail Armor
39:35 Iron Casting
40:58 Chain Barding Armor
43:48 Sanctity
43:38 Redemption
43:29 Atonement
43:30 Devotion
43:25 Herbal Medicine
47:21 Imperial Age
45:44 Crossbowman
47:33 Chemistry
46:24 Guard Tower
46:29 Murder Holes
46:45 Clinker Construction
46:41 Siphons
48:36 Heavy Warships
47:31 Demolition Ship
47:41 Elite Hussite Wagon
48:57 Bracer
49:28 Ring Archer Armor
50:04 Wagenburg Tactics
51:12 Hussite Reforms
50:38 Sappers
52:22 Conscription
adHoc
Tramdan
6:13 Loom
24:07 Feudal Age
36:47 Castle Age
IdleBonobo
13:17 Feudal Age
17:21 Castle Age
21:21 Forging
21:11 Scale Mail Armor
22:37 Iron Casting
22:12 Squires
21:57 Arson
21:59 Fishing Lines
28:48 Gillnets
30:15 Chain Mail Armor
30:45 Loom
31:35 Wheelbarrow
30:46 Town Watch
36:57 Imperial Age
38:43 Blast Furnace
40:01 Plate Mail Armor
41:56 Elite Jomsviking
42:57 Conscription
49:44 Onager
49:51 Hamask
bekatohe
20:47 Feudal Age
20:35 Loom
34:43 Castle Age
33:50 Forging
33:41 Scale Mail Armor
41:53 Imperial Age
40:20 Double-Bit Axe
40:33 Light Cavalry
43:11 Chain Mail Armor
43:31 Iron Casting
43:03 Scale Barding Armor
43:03 Elite Berserk
45:29 Plate Mail Armor
45:14 Town Watch
49:31 Chieftains
Sherb
13:26 Feudal Age
19:53 Castle Age
19:21 Bloodlines
31:31 Husbandry
34:44 Loom
36:59 Caravan
37:29 Murder Holes
37:58 Ballistics
42:25 Imperial Age
40:49 Double-Bit Axe
42:56 Cavalier
45:38 Scale Barding Armor
45:46 Forging
46:22 Medium Warships
48:35 Conscription
Connection lost

Rejoining the realm…

Still unreachable

The connection could not be restored.

Session expired

The server has moved on; the page needs a fresh start.